[Event "*** Titled Tuesday Blitz"]
[Site "Chess.com"]
[Date "2018.12.04"]
[Round "7"]
[White "Alopekos"]
[Black "AndrBaryshpolets"]
[Result "0-1"]
[WhiteElo "2497"]
[BlackElo "2581"]
[TimeControl "180+2"]
[EndTime "14:39:10 PST"]
[Termination "AndrBaryshpolets won by resignation"]

1. e4 e6 2. d4 d5 3. Nc3 Nf6 4. e5 Nfd7 5. Qg4 c5 6. dxc5 Nc6 7. Nf3 Ndxe5 8. Nxe5 Nxe5 9. Qg3 Nc6 10. Nb5 e5 11.
Nd6+ Bxd6 12. Qxg7 Kd7 13. cxd6 Kxd6 14. Qxf7 Nd4 15.
Bd3 e4 16. Be3 Rf8 17. Qxh7 Bf5 18. Qh6+ Ne6 19. Be2 Rh8 20. O-O-O Rxh6 21. Bxh6 Kc6 22. g4 Bh7 23. Bc4 dxc4 24. Rxd8 Rxd8 25. Be3 Rg8 26.
h3 Nc7 27. Kd2 Nd5 28. Bd4 a5 29. Rg1 Nf4 30. Rg3 Rd8 31. c3 Ne6 32. Ke3 Nxd4 33.
cxd4 Kd5 34. h4 Rf8 35. h5 b5 36. g5 Bf5 37. g6 Ke6 38. g7 Rg8 39. h6 Kf6 40. Kf4 b4 41. Rg5 Bh7 42. Rc5 Kg6 43.
Rc6+ Kh5 44. d5 Rd8 45. Ke5 Bg8 46. d6 Kxh6 47. d7+ Kxg7 48. Kd6 Kf6 49. Kc7+ Ke7 50. Rd6 c3 51. bxc3 bxc3 52. Rd4 Be6 0-1

[Event "*** Titled Tuesday Blitz"]
[Site "Chess.com"]
[Date "2018.12.04"]
[Round "7"]
[White "DiogenesSinopeus"]
[Black "MFguimaraes"]
[Result "1-0"]
[WhiteElo "2419"]
[BlackElo "2338"]
[TimeControl "180+2"]
[EndTime "14:39:11 PST"]
[Termination "DiogenesSinopeus won by checkmate"]

1. d4 d5 2. c4 c6 3. Nc3 dxc4 4. e4 b5 5. a4 b4 6. Nce2 e5 7. Nf3 exd4 8. Qxd4 c5 9. Qxd8+ Kxd8 10. Nf4 Ba6 11. Ne5 Nh6 12. Nd5 f6 13. Nxc4 Nc6 14. Bxh6 gxh6 15. O-O-O Nd4 16. Nxf6 Be7 17. Nd5 Rf8 18. f3 Bg5+ 19. Kb1 Bxc4 20. Bxc4 Kd7 21. Rd3 Rad8 22. Rhd1 Bf6 23. Ne3 Kc6 24. Nc2 Nxc2 25.
Kxc2 Rxd3 26. Rxd3 Bd4 27. Bd5+ Kc7 28. Kb3 Rf6 29.
Rd2 h5 30. Kc4 Kb6 31. b3 Rg6 32. Re2 Be5 33. g3 h4 34. f4 hxg3 35. hxg3 Rxg3 36. Bf7 Bxf4 37. e5 Rc3+ 38. Kd5 Rxb3 39. e6 Rd3+ 40.
Ke4 Rd4+ 41. Kf5 Bd6 42. e7 Rf4+ 43. Kg5 Rf2 44. e8=Q Rxe2 45. Qxe2 c4 46. Bxc4 b3 47. Bxb3 a6 48. Qc4 Bc5 49. Kh6 Kb7 50. Qxc5 a5 51.
Bd5+ Ka6 52. Qb5+ Ka7 53. Qb7# 1-0

[Event "*** Titled Tuesday Blitz"]
[Site "Chess.com"]
[Date "2018.12.04"]
[Round "7"]
[White "Gabrielian_Artur"]
[Black "Hrant_ChessMood"]
[Result "0-1"]
[WhiteElo "2716"]
[BlackElo "2937"]
[TimeControl "180+2"]
[EndTime "14:39:14 PST"]
[Termination "Hrant_ChessMood won on time"]

1. e4 c5 2. Nc3 g6 3. Nf3 Bg7 4. d4 cxd4 5. Nxd4 Nc6 6. Be3 Nf6 7. Bc4 O-O 8. Bb3 Re8 9. Nxc6 dxc6 10. Qxd8 Rxd8 11.
f3 Nd7 12. O-O-O Re8 13. Rd2 Nf8 14. Rhd1 Be6 15. Ne2 a5 16. Kb1 h5 17. Nd4 Bxd4 18.
Bxd4 b5 19. Be3 a4 20. Bxe6 Nxe6 21. a3 f6 22. c4 Kf7 23. cxb5 cxb5 24. Rd5 Reb8 25.
Bd2 h4 26. Bb4 Rb7 27. g3 Ng5 28. R1d3 hxg3 29. hxg3 Rc8 30. Rd7 Rcc7 31. Rd8 Ke6 32. Ra8 Rd7 33. Rc3 Rbc7 34. Rb8 Nxf3 35. Rxc7 Rxc7 36. Rxb5 Ra7 37. Bc3 Ng5 38. Rb6+ Kf7 39. e5 f5 40. Ka2 Ne6 41. Bb4 g5 42. b3 axb3+ 43. Kxb3 g4 44. Bd2 Nc5+ 45. Kc4 Ne4 46. Bf4 Rxa3 47. Rb7 Ra6 48. Kd5 Ra5+ 49. Kd4 Nc5 50.
Rb8 Ne6+ 51. Ke3 Ra3+ 52. Ke2 Ra4 53. Be3 Re4 0-1

[Event "*** Titled Tuesday Blitz"]
[Site "Chess.com"]
[Date "2018.12.04"]
[Round "7"]
[White "VincentBlom"]
[Black "Shahinyan_ChessMood"]
[Result "1-0"]
[WhiteElo "2519"]
[BlackElo "2644"]
[TimeControl "180+2"]
[EndTime "14:39:15 PST"]
[Termination "VincentBlom won by resignation"]

1. d4 e6 2. g3 f5 3. Bg2 Nf6 4. Nh3 d5 5. Nf4 c6 6. Nd2 Bd6 7. Nf3 O-O 8. O-O Qe7 9. Nd3 Nbd7 10. Bf4 b6 11. Nde5 Bb7 12. a4 a5 13. Nxd7 Nxd7 14. Bxd6 Qxd6 15. e3 Ba6 16. Re1 c5 17.
c3 Rad8 18. Qd2 h6 19. Reb1 e5 20. b4 axb4 21. cxb4 cxd4 22. exd4 e4 23. Ne1 Bc4 24. Qf4 Qf6 25. Nc2 g5 26. Qd2 f4 27. a5 b5 28.
a6 Ra8 29. a7 Rf7 30. Ra5 Nf8 31.
Na3 Rfxa7 32. Nxc4 bxc4 33. Rxd5 f3 34. Bf1 Ra1 35.
Qc1 Rxb1 36. Qxb1 e3 37. Bxc4 exf2+ 38. Kxf2 Kh8 39. Qf5 Qc6 40. Qe5+ Kh7 41. Qe7+ Kh8 42. Rd6 Qxc4 43. Rxh6+ Kg8 44. Qxg5+ Kf7 45. Rf6+ Ke8 46. Qe5+ Kd7 47. Qd6+ Kc8 48. Rxf8+ Kb7 49. Qe7+ Kb6 50. Qc5+ Qxc5 51. dxc5+ Kb5 52. Rxa8 1-0

[Event "*** Titled Tuesday Blitz"]
[Site "Chess.com"]
[Date "2018.12.04"]
[Round "7"]
[White "Satscho"]
[Black "AdrianaNikolova"]
[Result "1-0"]
[WhiteElo "2324"]
[BlackElo "2368"]
[TimeControl "180+2"]
[EndTime "14:39:16 PST"]
[Termination "Satscho won on time"]

1. e4 c6 2. Nc3 d5 3. Nf3 Bg4 4. h3 Bxf3 5. Qxf3 e6 6. Be2 Nf6 7. O-O Be7 8. e5 Nfd7 9. Qg3 Qc7 10. f4 O-O 11. d3 c5 12. Kh1 Nc6 13. Bd2 Nd4 14. Bd1 b5 15. Ne2 Nf5 16. Qg4 f6 17.
exf6 Nxf6 18. Qf3 d4 19. Ng3 Nh4 20. Qe2 Qc6 21. Ne4 Nd5 22. Qg4 Nf5 23. Bf3 Kh8 24. Ng5 Bxg5 25. fxg5 Rae8 26. Be4 Qd6 27. Bxf5 exf5 28.
Rxf5 Rxf5 29. Qxf5 Ne3 30. Bxe3 dxe3 31. Re1 e2 32.
Rxe2 Rf8 33. Qe5 Qc6 34. Kh2 a5 35. h4 b4 36. h5 a4 37. h6 Rg8 38. hxg7+ Rxg7 39. Qe8+ Qxe8 40. Rxe8+ Rg8 41. Rxg8+ Kxg8 42. Kg3 Kg7 43. Kg4 Kg6 44. g3 Kf7 45. Kf5 Kg7 46. a3 Kf7 47. c3 bxa3 48. bxa3 Kg7 49. d4 cxd4 50. cxd4 Kf7 51. d5 Ke7 52. Ke5 Kd7 53.
d6 Kd8 54. Ke6 Ke8 55. d7+ Kd8 56. g4 Kc7 57. Ke7 1-0

[Event "*** Titled Tuesday Blitz"]
[Site "Chess.com"]
[Date "2018.12.04"]
[Round "7"]
[White "Antipov_Mikhail_Al"]
[Black "PchelkinVK"]
[Result "1-0"]
[WhiteElo "2793"]
[BlackElo "2579"]
[TimeControl "180+2"]
[EndTime "14:39:18 PST"]
[Termination "Antipov_Mikhail_Al won by resignation"]

1. e4 e6 2. d4 d5 3. Nd2 c5 4. Ngf3 cxd4 5. exd5 Qxd5 6. Bc4 Qd6 7. O-O Nf6 8. Nb3 Nc6 9. Nbxd4 Nxd4 10. Nxd4 Bd7 11. b3 Qc7 12. Re1 O-O-O 13. Qf3 e5 14. Nb5 Bxb5 15. Bxb5 e4 16. Qh3+ Kb8 17. Bb2 Bc5 18. Bf1 Rd2 19. Re2 Rxe2 20. Bxe2 Rd8 21. Rd1 Rxd1+ 22.
Bxd1 a6 23. Qg3 Bd6 24. Qxg7 Be5 25. Qf8+ Ka7 26. Bc1 Bxh2+ 27. Kf1 Bf4 28. Ba3 Nd5 29. Qc5+ Qxc5 30. Bxc5+ b6 31. Bd4 Kb7 32. c4 Nb4 33. a3 Nd3 34. Bg4 h6 35. Bf5 Nc5 36. b4 Ne6 37. Bxe4+ Kc7 38. Bc3 Bc1 39. a4 Bg5 40. g3 Be7 41. Kg2 Nd8 42. b5 axb5 43.
axb5 Ne6 44. Bd5 Kd6 45. f4 f6 46. Kf3 Nc5 47. Kg4 Nd3 48. Kh5 Nf2 49. Kxh6 Ng4+ 50. Kg6 Ne3 51. Bb4+ Kd7 52. Bc6+ Kd8 53. Bc3 Nf1 54.
g4 Nh2 55. g5 fxg5 56. fxg5 Ng4 57. Bd4 Bc5 58. Bxc5 bxc5 59. b6 Ne5+ 60. Kf6 Nxc6 61.
g6 Ke8 62. g7 Ne7 63. b7 Kd7 64. b8=Q Nd5+ 65. cxd5 1-0

[Event "*** Titled Tuesday Blitz"]
[Site "Chess.com"]
[Date "2018.12.04"]
[Round "7"]
[White "NikolaGry"]
[Black "mikhaillushenkov"]
[Result "1-0"]
[WhiteElo "2655"]
[BlackElo "2647"]
[TimeControl "180+2"]
[EndTime "14:39:18 PST"]
[Termination "NikolaGry won by resignation"]

1. b3 d5 2. Bb2 Bg4 3. Nf3 Nf6 4. e3 c6 5. c4 e6 6. Be2 Nbd7 7. d4 Bd6 8. O-O Ne4 9. Ne1 Bxe2 10. Qxe2 Qh4 11. g3 Qh3 12. f3 Nef6 13. Ba3 Bxa3 14. Nxa3 O-O 15. Nd3 Rfe8 16. Rad1 e5 17. dxe5 Nxe5 18. Nf4 Qd7 19. cxd5 cxd5 20. Nb5 Rec8 21. e4 a6 22. Nd4 dxe4 23. fxe4 Qg4 24. Qe3 Re8 25. Nf5 Ng6 26. h3 Qg5 27. h4 Qg4 28. Nxg6 Qxg6 29. Nd6 Re6 30. Qf3 Rf8 31. Rfe1 Ng4 32. Nf5 Ne5 33. Qc3 Qg4 34. Kg2 Kh8 35. Rd2 g6 36. Nd4 Rf6 37. Rf2 Rxf2+ 38. Kxf2 Kg8 39. Nf3 Nxf3 40. Qxf3 Qe6 41. e5 Rc8 42. Re2 b5 43. Qe3 Rd8 44. Kg2 Rd5 45. Qe4 h5 46. Qe3 Kg7 47. Qe4 Rd7 48.
Qf4 Qd5+ 49. Kh2 Qe6 50. Rf2 Kf8 51. Qh6+ Kg8 52. Qf4 Rd5 53. Re2 a5 54. Qe4 b4 55.
Qf4 Qd7 56. e6 fxe6 57. Qf6 Kh7 58. Rxe6 Rd2+ 59. Kh3 Re2 60. Qxg6+ Kh8 61. Qxh5+ Kg7 62. Qg4+ Kf8 63. Rxe2 1-0

[Event "*** Titled Tuesday Blitz"]
[Site "Chess.com"]
[Date "2018.12.04"]
[Round "7"]
[White "VeraNebolsina"]
[Black "Frolik67"]
[Result "1/2-1/2"]
[WhiteElo "2374"]
[BlackElo "2624"]
[TimeControl "180+2"]
[EndTime "14:39:23 PST"]
[Termination "Game drawn by agreement"]

1. e4 e6 2. d4 d5 3. exd5 exd5 4. Nf3 Nf6 5. Bd3 Bd6 6. Qe2+ Be6 7. Ng5 Qe7 8. Nxe6 Qxe6 9. O-O Qxe2 10. Bxe2 O-O 11.
Nc3 c6 12. Bg5 Nbd7 13. Bh4 Rfe8 14. Bd3 Nh5 15. Ne2 g6 16. g4 Nf4 17. Nxf4 Bxf4 18. Bg3 Bxg3 19. hxg3 Re7 20. Kg2 Rae8 21. Rh1 Nf6 22.
Rh4 Ne4 23. Rah1 f6 24. f3 Ng5 25. f4 Ne4 26. Bxe4 Rxe4 27. Rxh7 Re2+ 28. Kf1 Re1+ 29. Kf2 R8e2+ 30. Kf3 Rxh1 31. Rxh1 Rxc2 32. b3 Rxa2 33.
Re1 Rb2 34. Re3 Kf7 35. g5 a5 36. gxf6 Kxf6 37. g4 b5 38. g5+ Kf7 39. Rc3 b4 40. Rxc6 Rxb3+ 41. Kg4 a4 42. Rc7+ Ke8 43. f5 gxf5+ 44.
Kxf5 a3 45. Ra7 Rg3 46. g6 Rg2 47. g7 a2 48. Rxa2 Rxg7 49. Ra8+ Ke7 50. Ra7+ Kf8 51. Ra8+ Kf7 52. Ra7+ Kg8 53. Ra8+ Kh7 54. Rb8 Re7 55. Rxb4 Re4 56. Rb7+ Kh6 57. Rb6+ Kg7 58. Rb7+ Kf8 59. Rd7 Rxd4 60. Ke5 Rd1 61. Rxd5 Re1+ 62. Kd6 Kf7 63. Rf5+ Kg6 64. Re5 Rd1+ 65. Rd5 Rc1 66. Rc5 Rb1 67. Re5 Kf6 68. Re2 Rd1+ 69. Kc5 Rd3 70. Kc4 Rd8 71. Kc5 Kf5 72. Kc4 1/2-1/2

[Event "*** Titled Tuesday Blitz"]
[Site "Chess.com"]
[Date "2018.12.04"]
[Round "7"]
[White "Marcus_Harvey"]
[Black "SCIM"]
[Result "1-0"]
[WhiteElo "2672"]
[BlackElo "2438"]
[TimeControl "180+2"]
[EndTime "14:39:24 PST"]
[Termination "Marcus_Harvey won by resignation"]

1. Nf3 Nf6 2. b3 g6 3. Bb2 Bg7 4. e3 O-O 5. Be2 d6 6. d4 Nbd7 7. O-O e5 8. dxe5 Ng4 9. c4 Ndxe5 10. Nxe5 Nxe5 11. Nc3 Be6 12. f4 Nc6 13. Bf3 Re8 14. Qd2 Qd7 15. Rad1 Rad8 16. Ne4 Qe7 17. Bxg7 Kxg7 18. Qc3+ f6 19. g4 Bxg4 20. Nxd6 Rxd6 21. Bxg4 Qxe3+ 22. Qxe3 Rxe3 23. Rxd6 cxd6 24. Kf2 Re4 25.
Kg3 Nd4 26. Rd1 f5 27. Bf3 Nxf3 28. Kxf3 Re6 29. Rd5 Kf6 30. a4 h6 31. h4 g5 32.
hxg5+ hxg5 33. fxg5+ Kxg5 34. Rb5 b6 35. a5 bxa5 36.
Rxa5 Rh6 37. Kg3 Re6 38. Kf3 Re7 39. b4 Rh7 40. b5 Rh3+ 41. Ke2 Rc3 42. Ra4 f4 43. Kd2 Rh3 44. Rxa7 Rh2+ 45. Kd3 Rh3+ 46. Kd4 Kg4 47. Rg7+ Kf3 48. b6 Rh1 49. Rg5 Rd1+ 50. Kc3 Rc1+ 51. Kd3 Rd1+ 52. Kc2 Rh1 53. b7 Rh8 54.
Kd3 Kf2 55. Kd4 f3 56. Kd5 Ke3 57. Kxd6 f2 58. Rf5 Rh6+ 59. Kc7 Rh7+ 60. Kb6 Rh6+ 61. Ka7 Rh5 62. Rxf2 1-0

[Event "*** Titled Tuesday Blitz"]
[Site "Chess.com"]
[Date "2018.12.04"]
[Round "7"]
[White "GreatDamnedRedSpot"]
[Black "alishersuleymenov"]
[Result "0-1"]
[WhiteElo "2324"]
[BlackElo "2481"]
[TimeControl "180+2"]
[EndTime "14:39:25 PST"]
[Termination "alishersuleymenov won by resignation"]

1. e4 c5 2. Nf3 Nc6 3. Bb5 d6 4. d4 cxd4 5. Qxd4 a6 6. Bxc6+ bxc6 7. c4 e5 8. Qd3 Nf6 9. Nc3 c5 10. Bg5 Be7 11. Nd2 O-O 12. Nf1 Rb8 13. b3 Nh5 14.
Bd2 Nf4 15. Bxf4 exf4 16. Nd5 f5 17. Nd2 Bf6 18. Nxf6+ Qxf6 19. O-O Bb7 20. Rad1 f3 21. Qxf3 fxe4 22. Nxe4 Qxf3 23. gxf3 Rxf3 24. Rfe1 Rbf8 25.
Rd2 Re8 26. Rde2 Re6 27. Kg2 Rf4 28. f3 Rg6+ 29. Kf2 Rh6 30. Kg2 Rf5 31. Re3 Rfh5 32. Rh1 Rg6+ 33. Ng3 Rh4 34. Kf2 h6 35. Rd3 Rf4 36.
Re1 Kh7 37. Ree3 Rf7 38. Rd2 Rgf6 39. Ne4 Bxe4 40. Rxe4 Rxf3+ 41. Ke2 Rf2+ 42. Kd3 Rxd2+ 43. Kxd2 Rf2+ 44. Kc3 Rxa2 45. Re6 Rxh2 46. Rxd6 Rh3+ 47. Kc2 h5 48. Rxa6 h4 49. Ra5 Rg3 50. Rxc5 Kh6 51. Rc8 Kh7 52. b4 h3 53. Rc5 Rg6 54. Rh5+ Rh6 55.
Rxh3 Rxh3 56. b5 Kg6 57. b6 Kf7 58. b7 Rh8 59. c5 Ke7 60. Kc3 Kd7 0-1

[Event "*** Titled Tuesday Blitz"]
[Site "Chess.com"]
[Date "2018.12.04"]
[Round "7"]
[White "Msb2"]
[Black "Benek77"]
[Result "1-0"]
[WhiteElo "2747"]
[BlackElo "2607"]
[TimeControl "180+2"]
[EndTime "14:39:26 PST"]
[Termination "Msb2 won on time"]

1. d4 Nf6 2. Nf3 g6 3. g3 Bg7 4. Bg2 O-O 5. O-O d6 6. b3 Nbd7 7. Bb2 e5 8. dxe5 Ng4 9. c4 Ngxe5 10. Nc3 Re8 11. Qd2 a5 12. Nd4 a4 13. Rad1 axb3 14. axb3 Nc5 15. Qc2 c6 16. h3 Qb6 17. Kh2 Na6 18.
Na4 Qc7 19. Bc3 Nc5 20. Nxc5 dxc5 21. Nf3 Nxf3+ 22. Bxf3 Bf5 23. Qb2 Bxc3 24. Qxc3 Ra2 25. Rd2 Rxd2 26. Qxd2 Qe5 27. Rd1 Kg7 28. Kg2 Ra8 29.
g4 Be6 30. Qc2 h6 31. e3 h5 32. Be2 Rh8 33. Rh1 hxg4 34. hxg4 Rxh1 35. Kxh1 b5 36. Kg2 b4 37. Qd2 Qc3 38. Qd1 Qb2 39.
Kg3 Qe5+ 40. Kg2 Qc3 41. Bf3 Qf6 42. Be4 Qg5 43. Bf3 f5 44. Qd6 fxg4 45. Bxc6 Qf5 46. Kg3 Bf7 47. Qf4 Qxf4+ 48. Kxf4 Be6 49. e4 Kf6 50.
e5+ Kg7 51. Be4 Kf7 52. Kg5 Ke7 53. Kxg6 Bc8 54. Kg5 Be6 55. Bf5 Bg8 56. Kxg4 1-0

[Event "*** Titled Tuesday Blitz"]
[Site "Chess.com"]
[Date "2018.12.04"]
[Round "7"]
[White "Keaton87"]
[Black "Alexander_Donchenko"]
[Result "1/2-1/2"]
[WhiteElo "2549"]
[BlackElo "2685"]
[TimeControl "180+2"]
[EndTime "14:39:33 PST"]
[Termination "Game drawn - insufficient material"]

1. Nf3 Nf6 2. c4 e6 3. g3 b6 4. Bg2 Bb7 5. O-O g6 6. Nc3 Bg7 7. d4 Ne4 8. Nxe4 Bxe4 9. Ne1 Bxg2 10. Nxg2 d5 11. cxd5 Qxd5 12. Be3 O-O 13. Rc1 Qxa2 14. Rxc7 Qxb2 15. Qd3 Qa2 16. Nf4 Na6 17. Rb7 Nb4 18. Qb1 Qxb1 19. Rxb1 Nc2 20. Rc1 Nxd4 21. Rcc7 Nb5 22.
Nxe6 Nxc7 23. Nxf8 Nd5 24. Nd7 Nxe3 25. fxe3 h5 26. Kf2 Bc3 27. e4 a5 28. Nxb6 Bd4+ 29.
Kf3 Bxb6 30. Rxb6 a4 31. Rb2 Kf8 32. Ke3 a3 33. Ra2 Ke7 34. Kd2 Kd6 35. Kc1 Ke5 36. Kb1 Kxe4 37. Rc2 Ra7 38. Rc3 a2+ 39. Ka1 Kf5 40. h3 Ke4 41. Rf3 f5 42. h4 Rd7 43.
Ra3 Rd6 44. Kxa2 f4 45. gxf4 Kxf4 46. Kb1 Rc6 47. Ra4+ Kg3 48. Re4 Rc5 49. Kb2 g5 50. hxg5 Rxg5 51. Re3+ Kf2 52. Rh3 Kxe2 53. Kc3 Kf2 54.
Kd4 Rg4+ 55. Ke5 h4 56. Kf5 Ra4 57. Kg5 Kg2 58. Rxh4 Rxh4 59. Kxh4 1/2-1/2

[Event "*** Titled Tuesday Blitz"]
[Site "Chess.com"]
[Date "2018.12.04"]
[Round "7"]
[White "evgenyermolaev"]
[Black "DenisQ"]
[Result "1-0"]
[WhiteElo "2421"]
[BlackElo "2592"]
[TimeControl "180+2"]
[EndTime "14:39:33 PST"]
[Termination "evgenyermolaev won by resignation"]

1. e4 c6 2. Nf3 d5 3. Nc3 Bg4 4. h3 Bh5 5. g4 Bg6 6. exd5 cxd5 7. Bb5+ Nc6 8. Ne5 Rc8 9. d4 e6 10. Qe2 Bb4 11. Bd2 Ne7 12. h4 O-O 13. Bxc6 Nxc6 14. Nxc6 Rxc6 15. O-O-O h6 16. f4 Qc7 17. Rhf1 Bxc3 18.
Bxc3 Rxc3 19. bxc3 Qxc3 20. f5 Qa1+ 21. Kd2 Qxd4+ 22. Qd3 Qxd3+ 23. Kxd3 exf5 24. gxf5 Bh5 25. Rb1 b6 26. Rf2 Re8 27. Rb4 f6 28. Ra4 a5 29. Rd4 Re5 30. c3 Be8 31. a4 Bd7 32. Rdf4 Kf7 33. Rb2 Bxf5+ 34. Kd2 g5 35. hxg5 hxg5 36.
Rf2 Be6 37. Rxb6 Re4 38. Re2 Rxe2+ 39. Kxe2 Bd7 40. Ke3 Bxa4 41. Kd4 g4 42. Kxd5 g3 43. Rb2 Kg6 44. Ke4 Bc6+ 45. Kf4 g2 46. Rb1 a4 47. Kg3 Kg5 48. Kf2 Kf5 49. Rb6 Be4 50. Ra6 Ke5 51. Rxa4 f5 52. Rd4 f4 53. Rd1 f3 54. c4 Bc6 55. c5 Ke4 56. Rd6 Bd5 57. c6 1-0

[Event "*** Titled Tuesday Blitz"]
[Site "Chess.com"]
[Date "2018.12.04"]
[Round "7"]
[White "Kawhi_Leonard2"]
[Black "Laico"]
[Result "0-1"]
[WhiteElo "2267"]
[BlackElo "2257"]
[TimeControl "180+2"]
[EndTime "14:39:38 PST"]
[Termination "Laico won by resignation"]

1. e4 e6 2. d4 d5 3. Nd2 Nf6 4. e5 Nfd7 5. Bd3 c5 6. c3 Nc6 7. Ne2 cxd4 8. cxd4 f6 9. exf6 Nxf6 10. Nf3 Bd6 11.
O-O Qc7 12. h3 O-O 13. Be3 a6 14. Rc1 Bd7 15. Nc3 Rae8 16. a3 Qd8 17. Re1 Kh8 18. b4 Qe7 19. Bb1 g6 20. Ba2 Qg7 21. Qd2 Qe7 22.
Bb3 Qd8 23. Bh6 Rf7 24. Bg5 Qb8 25. Na4 Ne4 26. Qe3 Nxg5 27. Nxg5 Bf4 28. Nxf7+ Kg7 29. Qd3 Bxc1 30. Rxc1 Kxf7 31. Nc5 Bc8 32. Nxa6 Qf4 33. Rc3 Qxd4 34. Nc5 Qxd3 35. Nxd3 Kf6 36. a4 Ne5 37.
a5 Bd7 38. Nc5 Bc6 39. f4 Nd7 40. Nxd7+ Bxd7 41. Rc7 Bc6 42. b5 Bxb5 43. Rxb7 Bd3 44. Rb6 Ra8 45. Bxd5 Rxa5 46. Bxe6 Rb5 47. Rxb5 Bxb5 48.
Bc8 Bc6 49. g4 Bf3 50. Kf2 Bd1 51. Kg3 h6 52. h4 Be2 53. g5+ hxg5 54. hxg5+ Kg7 55.
Bg4 Bd3 56. Kf3 Bc2 57. Ke3 Bb3 58. Kd4 Bc2 59. Ke5 Bb1 60. Be6 Bc2 61. Bd5 Bb1 62. Be4 Ba2 63. Bb1 Bxb1 0-1

[Event "*** Titled Tuesday Blitz"]
[Site "Chess.com"]
[Date "2018.12.04"]
[Round "7"]
[White "josmito10"]
[Black "LazyIM"]
[Result "1-0"]
[WhiteElo "2698"]
[BlackElo "2624"]
[TimeControl "180+2"]
[EndTime "14:39:42 PST"]
[Termination "josmito10 won by resignation"]

1. d4 Nf6 2. c4 e6 3. g3 c5 4. d5 exd5 5. cxd5 d6 6. Nc3 g6 7.
Bg2 Bg7 8. Nf3 O-O 9. O-O Re8 10.
Bf4 a6 11. a4 Nh5 12. Bg5 Bf6 13.
Bh6 Bg7 14. Bg5 Qb6 15. Qd2 Nd7 16. a5 Qc7 17. e4 Rb8 18. Rfe1 b5 19. axb6 Nxb6 20.
Bf1 Bg4 21. Kg2 Qd7 22. Ng1 f6 23. Be3 f5 24. h3 f4 25. Bxf4 Nxf4+ 26. Qxf4 Bh5 27. g4 Rf8 28. Qd2 Bxg4 29. hxg4 Qxg4+ 30. Kh1 Qh4+ 31. Nh3 Nc4 32. Qg5 Qxg5 33. Nxg5 Nxb2 34.
Na4 Rxf2 35. Re2 Nxa4 36. Rxf2 Bxa1 37. Ra2 Rb1 38. Rxa4 Rxf1+ 39. Kg2 Rf8 40. Rxa1 h6 41.
Ne6 Rb8 42. Rxa6 Rb4 43. Rxd6 Rxe4 44. Nxc5 Rd4 45. Rxg6+ Kf7 46. Rd6 h5 47. Kf3 h4 48.
Ke3 Rd1 49. Nd3 Rg1 50. Rh6 Rg5 51. Ke4 Rg4+ 52. Nf4 Kg7 53. Rh5 Kf6 54. Rf5+ Ke7 55.
Ke5 Rg3 56. Rh5 Re3+ 57. Kf5 Kd6 58. Rh6+ Kc5 59. Rxh4 1-0

[Event "*** Titled Tuesday Blitz"]
[Site "Chess.com"]
[Date "2018.12.04"]
[Round "7"]
[White "ruvat"]
[Black "BIG_Pirate"]
[Result "1-0"]
[WhiteElo "2308"]
[BlackElo "2349"]
[TimeControl "180+2"]
[EndTime "14:39:42 PST"]
[Termination "ruvat won by resignation"]

1. d4 d5 2. Nf3 Nf6 3. c4 c6 4.
Qc2 g6 5. Bf4 Bg7 6. e3 Qb6 7.
Nc3 Bf5 8. Qb3 Nbd7 9. h3 h6 10. c5 Qxb3 11. axb3 a6 12. b4 O-O 13. Rg1 g5 14.
Bh2 Rfe8 15. g4 Bg6 16. h4 Ne4 17. hxg5 Nxg5 18. Nxg5 hxg5 19. Kd2 e5 20. dxe5 Nxe5 21. Bxe5 Bxe5 22. Bd3 Bxd3 23. Kxd3 Rad8 24. Ne2 Bxb2 25. Rab1 Be5 26. f3 Kg7 27. Rh1 Rh8 28. Nd4 Bxd4 29. Kxd4 Rde8 30. Rbe1 Re6 31. Rxh8 Kxh8 32. Rh1+ Kg7 33.
Rh5 Rg6 34. Kd3 f6 35. e4 dxe4+ 36. Kxe4 Kf7 37. Kf5 Kg7 38. Rh2 Kf7 39. Rd2 Rh6 40. Rd7+ Ke8 41. Rxb7 Rh3 42. Kxf6 Rxf3+ 43. Kxg5 Rc3 44.
Kf6 Rf3+ 45. Kg6 Rf4 46. g5 Kf8 47. Rb8+ Ke7 48. Kg7 Ke6 49. g6 Kd5 50. Rf8 Rxb4 51. Rf5+ Ke4 52. Rg5 Kf4 53. Rg1 Rb5 54. Kf7 Rb7+ 55.
Kf6 a5 56. g7 Rb8 57. g8=Q Rxg8 58. Rxg8 Ke4 59. Rd8 a4 60. Rd1 a3 61. Ke6 a2 62.
Kd6 1-0

[Event "*** Titled Tuesday Blitz"]
[Site "Chess.com"]
[Date "2018.12.04"]
[Round "7"]
[White "eldur16"]
[Black "martinique24"]
[Result "1-0"]
[WhiteElo "2640"]
[BlackElo "2412"]
[TimeControl "180+2"]
[EndTime "14:39:47 PST"]
[Termination "eldur16 won by resignation"]

1. e4 e5 2. Nf3 Nf6 3. Nc3 Nc6 4. Bb5 Bb4 5. O-O O-O 6. d3 d6 7. Bg5 Bxc3 8. bxc3 Qe7 9. Re1 Nd8 10. d4 Ne6 11.
Bc1 Bd7 12. Bf1 Nf4 13. Rb1 b6 14. h3 Ng6 15. g3 Rfe8 16. Bg2 Bc6 17. d5 Bb7 18. c4 Nd7 19. h4 Nc5 20. Nh2 Bc8 21. Be3 h6 22. Bf3 f5 23. Bh5 Qf7 24. Bxc5 bxc5 25. exf5 Bxf5 26. Ng4 Rf8 27. Ne3 Bd7 28. Qe2 Qf6 29. Rb7 Rac8 30. Rxa7 Nxh4 31. gxh4 Qxh4 32. Ng2 Qg5 33. Ra3 Ra8 34. Rg3 Qf6 35. a3 e4 36.
f4 exf3 37. Rxf3 Qd4+ 38. Qe3 Rxf3 39. Qxd4 cxd4 40. Bxf3 Rxa3 41. Be4 Kf7 42. Rf1+ Ke7 43. Bg6 c6 44. Rf7+ Kd8 45. Rxg7 Rc3 46. Nf4 Rxc4 47.
Bd3 Ra4 48. dxc6 Bxc6 49. Kf2 Bd7 50. Rh7 Ra1 51. Rxh6 Kc7 52. Rh7 Kc6 53. Be4+ d5 54. Nxd5 Kd6 55. Nb4 Be6 56. Nd3 Ra5 57. Rh6 Ke7 58. Kg3 Rg5+ 59. Kf4 Ra5 60. Rh7+ Kf6 61. Rb7 Ra1 62. Rb4 Rf1+ 63. Kg3 Rc1 64. Nxc1 1-0

[Event "*** Titled Tuesday Blitz"]
[Site "Chess.com"]
[Date "2018.12.04"]
[Round "7"]
[White "chesstatour"]
[Black "Morshynska"]
[Result "1-0"]
[WhiteElo "2092"]
[BlackElo "2063"]
[TimeControl "180+2"]
[EndTime "14:39:47 PST"]
[Termination "chesstatour won by checkmate"]

1. c4 e5 2. Nc3 Nf6 3. Nf3 Nc6 4. d4 exd4 5. Nxd4 Bb4 6. g3 O-O 7. Nc2 Bxc3+ 8. bxc3 d6 9. Bg2 Be6 10. Ne3 Qd7 11. Nd5 Ne8 12. O-O Bh3 13. Bxh3 Qxh3 14. Rb1 b6 15. Qa4 Ne5 16. f3 Qd7 17. Qb3 Qe6 18. Ba3 f5 19. c5 dxc5 20. Ne7+ Kf7 21.
Nxf5 c4 22. Qc2 Rh8 23. Nd4 Qf6 24. e4 c5 25. Nf5 g6 26. Nh4 Nd6 27. f4 Nd3 28. e5 Qe6 29. exd6 Qxd6 30. Qg2 Rae8 31. f5 g5 32. Nf3 h6 33. Rbd1 Re3 34. Rd2 Rhe8 35.
Bc1 R3e7 36. Rc2 b5 37. h4 g4 38. Nh2 h5 39. Bf4 Qd7 40. Bg5 Re1 41. Rxe1 Nxe1 42. Qd2 Nd3 43. Nf1 a5 44. Bf4 a4 45. Ne3 a3 46. Nf1 Qc6 47. Qg2 Qd7 48. Rd2 Kg7 49. Ne3 Qf7 50. Qd5 b4 51. Qxf7+ Kxf7 52. Nxc4 Nxf4 53.
gxf4 Re1+ 54. Kf2 Rh1 55. cxb4 cxb4 56. Rd7+ Ke8 57. Kg2 Rc1 58. Ne5 Rc2+ 59. Kf1 b3 60.
f6 bxa2 61. f7+ Kf8 62. Rd8+ Kg7 63. f8=Q+ Kh7 64. Rd7# 1-0

[Event "*** Titled Tuesday Blitz"]
[Site "Chess.com"]
[Date "2018.12.04"]
[Round "7"]
[White "BocharovD"]
[Black "Parhamov"]
[Result "0-1"]
[WhiteElo "2727"]
[BlackElo "2850"]
[TimeControl "180+2"]
[EndTime "14:39:51 PST"]
[Termination "Parhamov won by resignation"]

1. e4 c5 2. Nc3 Nc6 3. Bb5 e6 4. Bxc6 bxc6 5. d3 Ne7 6. f4 f6 7.
Nf3 Ng6 8. O-O d5 9. e5 Be7 10. Na4 O-O 11. c4 fxe5 12. fxe5 dxc4 13. dxc4 Qxd1 14.
Rxd1 Rxf3 15. gxf3 Nxe5 16. Kg2 Nxc4 17. b3 Nb6 18.
Nc3 c4 19. Ne4 Ba6 20. Bg5 Ba3 21. Rab1 h6 22. Bc1 Be7 23. Bb2 Rf8 24. Bd4 cxb3 25. axb3 Be2 26. Re1 Bxf3+ 27. Kg1 Nd5 28. Nf2 c5 29. Be5 Bg5 30. Bg3 Rf6 31. Ne4 Bxe4 32. Rxe4 Nc3 33. Ree1 Nxb1 34. Rxb1 Be3+ 35. Kg2 Bd4 36.
b4 cxb4 37. Rxb4 e5 38. Ra4 h5 39. Ra5 g5 40. Rd5 Re6 41. Kf3 e4+ 42. Ke2 Bf6 43. h4 gxh4 44. Bf4 Kf7 45. Rxh5 Kg6 46. Ra5 a6 47. Ke3 Bd8 48. Rd5 Bf6 49. Rd1 a5 50. Rd5 Ra6 51. Kxe4 a4 52. Rd6 Rxd6 53. Bxd6 Kg5 54.
Kf3 Kf5 55. Bf8 Be5 56. Be7 h3 57. Bf8 Ke6 58. Ba3 Kd5 59. Kf2 Kc4 60. Bf8 Bd4+ 61.
Kg3 Bc5 62. Bg7 a3 63. Bb2 axb2 0-1